 Dungeon Crawl Stone Soup version 0.26-a0-639-g72c4674329 (webtiles) character file.

Game seed: 12204375424451698512

660 Flugslaktarn the Skirmisher (level 7, -1/58 HPs)
             Began as a Formicid Fighter on Sept 21, 2020.
             Was an Initiate of Okawaru.
             Slain by an orc warrior
             ... wielding a +0 scimitar
              (12 damage)
             ... on level 6 of the Dungeon.
             The game lasted 00:02:01 (4039 turns).

Flugslaktarn the Skirmisher (Formicid Fighter)      Turns: 4039, Time: 00:02:01

Health: -1/58      AC: 14    Str: 23    XL:     7   Next: 86%
Magic:  7/7        EV:  5    Int:  7    God:    Okawaru [......]
Gold:   224        SH: 10    Dex: 10    Spells: 6/6 levels left

rFire    . . .     SeeInvis +   a - +0 war axe
rCold    . . .     Faith    .   c - +0 kite shield
rNeg     + . .     Spirit   .   n - +1 plate armour
rPois    .         Reflect  .   (helmet unavailable)
rElec    .         Harm     .   (no cloak)
rCorr    .         Rampage  .   h - +0 pair of gloves
MR       .....                  (no boots)
Stlth    ..........             (no amulet)
HPRegen  0.19/turn              g - ring of positive energy
MPRegen  0.10/turn              (no ring)

@: no status effects
A: permanent stasis, dig shafts and tunnels, four strong arms, antennae 3
a: Dig, Shaft Self, Renounce Religion


You were on level 6 of the Dungeon.
You worshipped Okawaru.
Okawaru was noncommittal.
You visited 2 branches of the dungeon, and saw 7 of its levels.
You also visited: Ossuary.

You collected 224 gold pieces.

Inventory:

Hand Weapons
 a - a +0 war axe (weapon)
Armour
 c - a +0 kite shield (worn)
 h - a +0 pair of gloves (worn)
   (You found it on level 5 of the Dungeon)
 n - a +1 plate armour (worn)
   (You found it on level 4 of the Dungeon)
Jewellery
 g - a ring of positive energy (left hand)
   (You found it on level 5 of the Dungeon)
Scrolls
 b - a scroll of fog
 e - a scroll of immolation
 x - 4 scrolls of remove curse
Potions
 d - 2 potions of might
 f - a potion of lignification {unknown}
 q - 4 potions of curing
 w - 2 potions of heal wounds


   Skills:
 * Level 6.0 Fighting
 * Level 5.0 Axes
 + Level 4.7 Armour
 + Level 5.3 Shields
 + Level 0.1 Invocations


You had 6 spell levels left.
You didn't know any spells.
Your spell library was empty.

Dungeon Overview and Level Annotations

Branches:
Dungeon (6/15)             Temple (1/1) D:6         Ossuary (visited)

Altars:
Ashenzari
Cheibriados
Dithmenos
Elyvilon
Fedhas
Gozag
Hepliaklqana
Kikubaaqudgha
Nemelex Xobeh
Okawaru
Qazlal
Sif Muna
Trog
Uskayaw
Vehumet
Wu Jian
Yredelemnul
The Shining One

Shops:
D:6 }

Annotations:
D:2 1 runed translucent door, Crazy Yiuf


Innate Abilities, Weirdness & Mutations

You cannot be hasted, slowed, berserked, paralysed or teleported.
You can dig through walls and to a lower floor.
Your four strong arms can wield two-handed weapons with a shield.
You have a pair of large antennae on your head. (SInv)


Message History

You are too injured to fight recklessly!
You are too injured to fight recklessly!
You are too injured to fight recklessly!
You are too injured to fight recklessly!
You are too injured to fight recklessly!
You are too injured to fight recklessly!
You are too injured to fight recklessly!
You are too injured to fight recklessly!
You are too injured to fight recklessly!
You are too injured to fight recklessly!
You are too injured to fight recklessly!
You are too injured to fight recklessly!
You closely miss the orc warrior.
The orc warrior is severely wounded.
The orc warrior hits you with a +0 scimitar.
* * * LOW HITPOINT WARNING * * *
You hit the orc warrior but do no damage.
The orc warrior is severely wounded.
The orc warrior hits you with a +0 scimitar!
You die...

.#
#.#####
.#
#.....#
.#
####.##
.# ...#.#
.#
##..#.#
.# ...#.#
.##
{#..#.#
..#
#)†#.#
#.#
#..#@#
#.# #.#
#..o.#
#.#.#.#
#.#..#
#.#.#.#
#.#..#
#.#.#.#
#.#...
#.#.#.#
#.#####
#.#.#.#
#.
#.#.#.#
#.
#.#.#.###


You could see an orc warrior.

Vanquished Creatures
  A black bear (D:6)
  2 scorpions
  A quasit (D:5)
  3 orc wizards
  2 hounds (D:5)
  An orc priest (D:3)
  4 worker ants
  2 mummies (Ossuary)
  A hound skeleton (D:4)
  A worker ant zombie (D:5)
  4 adders
  A white imp (D:5)
  2 ufetubi (D:5)
  An ooze (D:2)
  An adder skeleton (D:4)
  A worm (D:5)
  A dart slug (D:4)
  2 leopard geckos (D:4)
  8 orcs
  2 giant cockroaches
  3 gnoll zombies (Ossuary)
  3 goblins
  6 hobgoblins (D:1)
  3 quokkas
  A bat (D:1)
  4 frilled lizards
  2 hobgoblin zombies (Ossuary)
  A jackal skeleton (D:4)
  4 kobolds
  A kobold zombie (Ossuary)
  A leopard gecko skeleton (D:4)
  An orc zombie (Ossuary)
  2 rats
73 creatures vanquished.

Notes
Turn   | Place    | Note
-------+----------+-------------------------------------------
     0 | D:1      | Flugslaktarn the Formicid Fighter began the quest for the
                  | Orb.
     0 | D:1      | Reached XP level 1. HP: 18/18 MP: 1/1
   125 | D:1      | Reached XP level 2. HP: 24/24 MP: 2/2
   483 | D:2      | Reached XP level 3. HP: 30/30 MP: 3/3
   522 | D:2      | Found a runed translucent door.
   523 | D:2      | Noticed Crazy Yiuf
   681 | D:3      | Reached skill level 4 in Fighting
   681 | D:3      | Reached XP level 4. HP: 35/37 MP: 4/4
   688 | D:3      | Reached XP level 5. HP: 29/42 MP: 5/5
  1555 | D:4      | Reached XP level 6. HP: 46/50 MP: 6/6
  2035 | D:5      | Entered Level 5 of the Dungeon
  2054 | D:5      | Reached skill level 5 in Fighting
  2465 | D:5      | Found a sand-covered staircase.
  2471 | Ossuary  | Entered an ossuary
  2744 | D:5      | Reached XP level 7. HP: 51/56 MP: 7/7
  2781 | D:5      | Reached skill level 5 in Shields
  3551 | D:6      | Found a shattered altar of Ashenzari.
  3800 | D:6      | Reached skill level 6 in Fighting
  3806 | D:6      | Found Beczerar's Gadget Shoppe.
  3832 | D:6      | Found a staircase to the Ecumenical Temple.
  3880 | Temple   | Entered the Ecumenical Temple
  3920 | Temple   | Became a worshipper of Warmaster Okawaru
  4020 | D:6      | Reached skill level 5 in Axes
  4039 | D:6      | Slain by an orc warrior

Illustrated notes

Levels and vault maps discovered:
D:1:      minmay_arrival_four_loops, layout_loops_ring, nrook_mini_vaults
D:2:      layout_loops_ring, minmay_tromino_mix6, uniq_natasha,
          uniq_crazy_yiuf_cottage
D:3:      layout_basic
D:4:      layout_gridville, minmay_cupped
D:5:      layout_gridville, nicolae_ossuary_entry_plus, hangedman_decor_points
D:6:      layout_basic, kennysheep_little_box, minmay_temple_entry_glassed_door,
          serial_shops, shop_fountains
Temple:   nicolae_temple_the_god_donut

Skill      XL: |  1  2  3  4  5  6  7 |
---------------+----------------------+-----
Shields        | 4 5 |  5.3
Fighting       | 4 5 6 |  6.0
Axes           | 3 4 5 |  5.0
Armour         | 4 |  4.7
Invocations    | |  0.1

Action                   |  1- 3 |  4- 6 |  7- 9 || total
-------------------------+-------+-------+-------++-------
Melee: War axe           |    77 |   139 |    87 ||   303
  Use: Potion            |     1 |       |       ||     1
       Scroll            |       |     7 |     4 ||    11
Armor: Scale mail        |    27 |    23 |       ||    50
       Plate armour      |       |    65 |    69 ||   134
Dodge: Dodged            |    20 |    51 |    23 ||    94
Block: Kite shield       |    41 |    73 |    55 ||   169

Table legend: (Time is in decaauts)
 A = Elapsed time spent in this place.
 B = Non-inter-level travel time spent in this place.
 C = Inter-level travel time spent in this place.
 D = Time resting spent in this place.
 E = Time spent auto-exploring this place.
 F = Levels seen in this place.
 G = Mean time per level.
                   A        B        C        D        E       F      G
               +--------+--------+--------+--------+--------+-----+--------+
         Total |   4151 |   3955 |    196 |    283 |   2969 |   8 |  518.9 |
       Dungeon |   4041 |   3875 |    166 |    283 |   2932 |   6 |  673.5 |
        Temple |     71 |     41 |     30 |      0 |     36 |   1 |   71.0 |
       Ossuary |     37 |     37 |      0 |      0 |      1 |   1 |   37.0 |
               +--------+--------+--------+--------+--------+-----+--------+

Top non-repeatable levels by time:
     D:5: 1447 daAuts
     D:4: 1226 daAuts
     D:6: 499 daAuts
     D:1: 406 daAuts
     D:2: 238 daAuts
     D:3: 224 daAuts
  Temple: 71 daAuts
 Ossuary: 37 daAuts
